Workbook

Sheet FORMULARIO 1 PRESUPUESTO
B6: FORMULARIO 1 - FORMULARIO DE PRESUPUESTO OFICIAL
B7: INSTITUTO COLOMBIANO AGROPECUARIO ICA
B8: GRUPO GESTIÓN INFRAESTRUCTURA FISICA Y MANTENIMIENTO
B10: ADECUACIÓN OFICINA DE MASCOTAS EN EL AEROPUERTO EL DORADO
B11: ÍTEM | C11: DESCRIPCIÓN | D11: UNIDAD | E11: CANTIDAD | F11: VR UNITARIO | G11: SUBTOTAL
B12: 1 | C12: PRELIMINARES | G12: =SUM(G13:G20) -> 497185.78 | J12: 0.0292
B13: 1.01 | C13: Demolición manual de guardaescobas. Incluye retiro de sobrantes al botadero autorizado | D13: m | E13: ='MEMORIA DE CANTIDADES'!N28 -> 8 | F13: 3116 | G13: =ROUND(F13*E13,2) -> 24928 | I13: 3210 | J13: =-I13*J$12+I13 -> 3116.268 | K13: =ROUND(J13,0) -> 3116
B14: 1.02 | C14: Demolición manual de muro para ducto de ventilación. | D14: m2 | E14: ='MEMORIA DE CANTIDADES'!N48 -> 1 | F14: 7322 | G14: =ROUND(F14*E14,2) -> 7322 | I14: 7542 | J14: =-I14*J$12+I14 -> 7321.7736 | K14: =ROUND(J14,0) -> 7322
B15: 1.03 | C15: Desmonte de grifería.Incluye retiro al botadero autorizado y/o entrega a almacén de los elementos reutilizables | D15: Un | E15: ='MEMORIA DE CANTIDADES'!N68 -> 1 | F15: 23517 | G15: =ROUND(F15*E15,2) -> 23517 | I15: 24224 | J15: =-I15*J$12+I15 -> 23516.659 | K15: =ROUND(J15,0) -> 23517
B16: 1.04 | C16: Desmonte de lavamanos.Incluye retiro al botadero autorizado y/o entrega a almacén de los elementos reutilizables | D16: Un | E16: ='MEMORIA DE CANTIDADES'!N88 -> 1 | F16: 23330 | G16: =ROUND(F16*E16,2) -> 23330 | I16: 24032 | J16: =-I16*J$12+I16 -> 23330.266 | K16: =ROUND(J16,0) -> 23330
B17: 1.05 | C17: Desmonte de piso en vinisol.Incluye retiro al botadero autorizado | D17: m2 | E17: ='MEMORIA DE CANTIDADES'!N109 -> 2.2 | F17: 8846 | G17: =ROUND(F17*E17,2) -> 19461.2 | I17: 9112 | J17: =-I17*J$12+I17 -> 8845.9296 | K17: =ROUND(J17,0) -> 8846
B18: 1.06 | C18: Desmonte de puerta en vidrio templado.Incluye retiro al botadero autorizado y/o entrega a almacén de los elementos reutilizables | D18: m2 | E18: ='MEMORIA DE CANTIDADES'!N130 -> 6.93 | F18: 27606 | G18: =ROUND(F18*E18,2) -> 191309.58 | I18: 28436 | J18: =-I18*J$12+I18 -> 27605.669 | K18: =ROUND(J18,0) -> 27606
B19: 1.07 | C19: Desmonte de puesto de trabajo.Incluye retiro al botadero autorizado y/o entrega a almacén de los elementos reutilizables | D19: Un | E19: ='MEMORIA DE CANTIDADES'!N150 -> 5 | F19: 21600 | G19: =ROUND(F19*E19,2) -> 108000 | I19: 22250 | J19: =-I19*J$12+I19 -> 21600.3 | K19: =ROUND(J19,0) -> 21600
B20: 1.08 | C20: Regata en piso para tubería (incl. mortero de resane).Incluye retiro al botadero autorizado. Área de residuos. | D20: m | E20: ='MEMORIA DE CANTIDADES'!N171 -> 3 | F20: 33106 | G20: =ROUND(F20*E20,2) -> 99318 | I20: 34102 | J20: =-I20*J$12+I20 -> 33106.222 | K20: =ROUND(J20,0) -> 33106
B21: 2 | C21: MUROS | G21: =SUM(G22:G24) -> 3313452 | J21: =-I21*J$12+I21 -> 0 | K21: =ROUND(J21,0) -> 0
B22: 2.01 | C22: Suministro e instalación de muro superboard 8mm doble cara E=12, con reforzamiento en madera en apoyos superiores, medios e inferiores para el apoyo y soporte de puertas. | D22: m2 | E22: ='MEMORIA DE CANTIDADES'!N199 -> 25.5 | F22: 122212 | G22: =ROUND(F22*E22,2) -> 3116406 | I22: 125888 | J22: =-I22*J$12+I22 -> 122212.07 | K22: =ROUND(J22,0) -> 122212
B23: 2.02 | C23: Suministro e instalación de dinteles superboard 8mm doble cara E=12, con reforzamiento en madera en apoyos superiores, medios e inferiores para el apoyo y soporte de puertas. | D23: m | E23: ='MEMORIA DE CANTIDADES'!N219 -> 1.5 | F23: 122212 | G23: =ROUND(F23*E23,2) -> 183318 | I23: 125888 | J23: =-I23*J$12+I23 -> 122212.07 | K23: =ROUND(J23,0) -> 122212
B24: 2.03 | C24: Filos y cinta para rejilla de ventilación de área de residuos. | D24: m | E24: ='MEMORIA DE CANTIDADES'!N239 -> 1 | F24: 13728 | G24: =ROUND(F24*E24,2) -> 13728 | I24: 14141 | J24: =-I24*J$12+I24 -> 13728.083 | K24: =ROUND(J24,0) -> 13728
B25: 3 | C25: INSTALACIONES SANITARIAS | G25: =SUM(G26:G27) -> 243141 | J25: =-I25*J$12+I25 -> 0 | K25: =ROUND(J25,0) -> 0
B26: 3.01 | C26: Suministro e instalación de traslado de Punto sanitario pvc de 2" (3 m). Incluye todos los elementos necesarios para su correcta instalación para el área de residuos. | D26: Un | E26: ='MEMORIA DE CANTIDADES'!N261 -> 1 | F26: 124914 | G26: =ROUND(F26*E26,2) -> 124914 | I26: 128671 | J26: =-I26*J$12+I26 -> 124913.81 | K26: =ROUND(J26,0) -> 124914
B27: 3.02 | C27: Suministro e instalación de Sifón sanitario pvc de 2". Incluye todos los elementos necesarios para su correcta instalación para el área de residuos. | D27: Un | E27: ='MEMORIA DE CANTIDADES'!N281 -> 1 | F27: 118227 | G27: =ROUND(F27*E27,2) -> 118227 | I27: 121783 | J27: =-I27*J$12+I27 -> 118226.94 | K27: =ROUND(J27,0) -> 118227
B28: 4 | C28: INSTALACIONES HIDRÁULICAS | G28: =SUM(G29) -> 134127 | J28: =-I28*J$12+I28 -> 0 | K28: =ROUND(J28,0) -> 0
B29: 4.01 | C29: Suministro e instalación. Punto hidráulico cpvc de 1/2" (3 m). Incluye llave dentro de muro y caja de inspección. | D29: Un | E29: ='MEMORIA DE CANTIDADES'!N304 -> 1 | F29: 134127 | G29: =ROUND(F29*E29,2) -> 134127 | I29: 138161 | J29: =-I29*J$12+I29 -> 134126.7 | K29: =ROUND(J29,0) -> 134127
B30: 5 | C30: PISOS | G30: =SUM(G31:G33) -> 1285480.8 | J30: =-I30*J$12+I30 -> 0 | K30: =ROUND(J30,0) -> 0
B31: 5.01 | C31: Suministro e instalación de Guardaescoba en vinisol h= 6.8 cm. Incluye todos los accesorios necesario para su correcta instalación. El color debe ser similar o igual al instalado. | D31: m | E31: ='MEMORIA DE CANTIDADES'!N335 -> 22.68 | F31: 31214 | G31: =ROUND(F31*E31,2) -> 707933.52 | I31: 32153 | J31: =-I31*J$12+I31 -> 31214.132 | K31: =ROUND(J31,0) -> 31214
B32: 5.02 | C32: Suministro e instalación de Piso en vinisol de 2 mm de 30x30 cm. Incluye todos los accesorios necesario para su correcta instalación. El color debe ser similar o igual al instalado. | D32: m2 | E32: ='MEMORIA DE CANTIDADES'!N355 -> 5.25 | F32: 107925 | G32: =ROUND(F32*E32,2) -> 566606.25 | I32: 111171 | J32: =-I32*J$12+I32 -> 107924.81 | K32: =ROUND(J32,0) -> 107925
B33: 5.03 | C33: Suministro e instalación de Rejilla para piso en pvc 3"x2". Para área de residuos | D33: Un | E33: ='MEMORIA DE CANTIDADES'!N375 -> 1 | F33: 10941 | G33: =ROUND(F33*E33,2) -> 10941 | I33: 11270 | J33: =-I33*J$12+I33 -> 10940.916 | K33: =ROUND(J33,0) -> 10941
B34: 6 | C34: ENCHAPES Y ACCESORIOS | G34: =SUM(G35:G35) -> 96586 | J34: =-I34*J$12+I34 -> 0 | K34: =ROUND(J34,0) -> 0
B35: 6.01 | C35: Suministro e instalación de Rejilla ventilación celosía en aluminio 30x30 cm en muro para área de residuos. | D35: Un | E35: ='MEMORIA DE CANTIDADES'!N397 -> 1 | F35: 96586 | G35: =ROUND(F35*E35,2) -> 96586 | I35: 99491 | J35: =-I35*J$12+I35 -> 96585.863 | K35: =ROUND(J35,0) -> 96586
B36: 7 | C36: CARPINTERÍA METÁLICA | G36: =SUM(G37) -> 757068 | J36: =-I36*J$12+I36 -> 0 | K36: =ROUND(J36,0) -> 0
B37: 7.01 | C37: Suministro e instalación Puerta cold rolled con diseño liso lámina Cal. 20, 0.90 x 2.05 m (incl pintura gris).Acabado prime anti corrosión. Incluye manija tipo pesado, refuerzo de bisagra calibre 7 | D37: Un | E37: ='MEMORIA DE CANTIDADES'!N420 -> 1 | F37: 757068 | G37: =ROUND(F37*E37,2) -> 757068 | I37: 779839 | J37: =-I37*J$12+I37 -> 757067.7 | K37: =ROUND(J37,0) -> 757068
B38: 8 | C38: PINTURA | G38: =SUM(G39:G43) -> 16554140 | J38: =-I38*J$12+I38 -> 0 | K38: =ROUND(J38,0) -> 0
B39: 8.01 | C39: Suministro y aplicación de estuco plástico en muros.Incluye resanes, filos y dilataciones | D39: m2 | E39: ='MEMORIA DE CANTIDADES'!N446 -> 56.79 | F39: 11936 | G39: =ROUND(F39*E39,2) -> 677845.44 | I39: 12295 | J39: =-I39*J$12+I39 -> 11935.986 | K39: =ROUND(J39,0) -> 11936
B40: 8.02 | C40: Suministro y aplicación de pintura epoxica en muros.Incluye resanos filos y dilataciones. Tipo pintuco y/o similar. | D40: m2 | E40: ='MEMORIA DE CANTIDADES'!N483 -> 359.478 | F40: 24383 | G40: =ROUND(F40*E40,2) -> 8765152.1 | I40: 25116 | J40: =-I40*J$12+I40 -> 24382.613 | K40: =ROUND(J40,0) -> 24383
B41: 8.03 | C41: Suministro y aplicación de pintura epoxica en cieloraso.Incluye resanos filos y dilataciones. Tipo pintuco y/o similar. | D41: m2 | E41: ='MEMORIA DE CANTIDADES'!N509 -> 55.39 | F41: 24383 | G41: =ROUND(F41*E41,2) -> 1350574.4 | I41: 25116 | J41: =-I41*J$12+I41 -> 24382.613 | K41: =ROUND(J41,0) -> 24383
B42: 8.04 | C42: Suministro y aplicación de pintura koraza exterior para fachadas color blanco.Incluye resanos filos y dilataciones. Tipo pintuco y/o similar. | D42: m2 | E42: ='MEMORIA DE CANTIDADES'!N529 -> 113.41 | F42: 34921 | G42: =ROUND(F42*E42,2) -> 3960390.6 | I42: 35971 | J42: =-I42*J$12+I42 -> 34920.647 | K42: =ROUND(J42,0) -> 34921
B43: 8.05 | C43: Suministro y aplicación de pintura koraza exterior para fachadas color gris zócalo.Incluye resanos filos y dilataciones. Tipo pintuco y/o similar. | D43: m2 | E43: ='MEMORIA DE CANTIDADES'!N549 -> 51.55 | F43: 34921 | G43: =ROUND(F43*E43,2) -> 1800177.6 | I43: 35971 | J43: =-I43*J$12+I43 -> 34920.647 | K43: =ROUND(J43,0) -> 34921
B44: 9 | C44: VARIOS | G44: =SUM(G45:G52) -> 11911396 | J44: =-I44*J$12+I44 -> 0 | K44: =ROUND(J44,0) -> 0
B45: 9.01 | C45: Limpieza y aseo general de todas las áreas intervenidas | D45: m2 | E45: ='MEMORIA DE CANTIDADES'!N571 -> 175.3 | F45: 4956 | G45: =ROUND(F45*E45,2) -> 868786.8 | I45: 5105 | J45: =-I45*J$12+I45 -> 4955.934 | K45: =ROUND(J45,0) -> 4956
B46: 9.02 | C46: Suministro e instalación de aviso tipo caja, estrutura metálica y banner con impresión en alta resolución. Marco metálico color gris plata y/o similar, pintados con imprimación anticorrosiva+pintura acabado.Acrilico frontal translúcido. La dimensión de banner apróx. 3.30x2.00 m.Estructura con dos pilares anclados al suelo sobre dados de concreto. | D46: m2 | E46: ='MEMORIA DE CANTIDADES'!N591 -> 6.6 | F46: 701530 | G46: =ROUND(F46*E46,2) -> 4630098 | I46: 722631 | J46: =-I46*J$12+I46 -> 701530.17 | K46: =ROUND(J46,0) -> 701530
B47: 9.03 | C47: Cargue manual y retiro de escombros volqueta 7m3.Incluye certificado a la escombrera autorizada. Incluye certificados. | D47: m3 | E47: ='MEMORIA DE CANTIDADES'!N610 -> 7 | F47: 267868 | G47: =ROUND(F47*E47,2) -> 1875076 | I47: 275925 | J47: =-I47*J$12+I47 -> 267867.99 | K47: =ROUND(J47,0) -> 267868
B48: 9.04 | C48: Suministro, transporte e instalación de señalización corporativa en acrílico.20mx0.10 y/o similar,el diseño dependerá de las necesidades y requerimientos de la Entidad.Deberá estar fijado con tonillos y/o pines. | D48: Und | E48: ='MEMORIA DE CANTIDADES'!N640 -> 19 | F48: 24937 | G48: =ROUND(F48*E48,2) -> 473803 | I48: 25687 | J48: =-I48*J$12+I48 -> 24936.94 | K48: =ROUND(J48,0) -> 24937
B49: 9.05 | C49: Suministro e Instalación de pelicula frost con impresión de diseño, la pelicula deberá ir con el corte del logo ICA, el diseño dependerá de las necesidades y requerimientos de la Entidad. | D49: m2 | E49: ='MEMORIA DE CANTIDADES'!N662 -> 3.36 | F49: 143783 | G49: =ROUND(F49*E49,2) -> 483110.88 | I49: 148108 | J49: =-I49*J$12+I49 -> 143783.25 | K49: =ROUND(J49,0) -> 143783
B50: 9.06 | C50: Suministro e instalación Aviso ICA en acero en acrilico con vinilo dorado instalado con topes transparentes a 3cm . Medidas 1.40x0.60 apróx.el diseño dependerá de las necesidades y requerimientos de la Entidad | D50: m2 | E50: ='MEMORIA DE CANTIDADES'!N681 -> 1.05 | F50: 343447 | G50: =ROUND(F50*E50,2) -> 360619.35 | I50: 353777 | J50: =-I50*J$12+I50 -> 343446.71 | K50: =ROUND(J50,0) -> 343447
B51: 9.07 | C51: Suministro e Instalación de vinilo sobre pared con impresión de diseño con una altura h:0.90, la longitud depende de la pared, el diseño dependerá de las necesidades y requerimientos de la Entidad | D51: m2 | E51: ='MEMORIA DE CANTIDADES'!N708 -> 31.653 | F51: 57139 | G51: =ROUND(F51*E51,2) -> 1808620.8 | I51: 58858 | J51: =-I51*J$12+I51 -> 57139.346 | K51: =ROUND(J51,0) -> 57139
B52: 9.08 | C52: Suministro e instalación Mesón acero inoxidable ancho:0.60m longitud:1.20m altura:0.90m. Incluye soportes inferiores. Salpicadero 0.07m, espesor 0.05m | D52: un | E52: ='MEMORIA DE CANTIDADES'!N736 -> 3 | F52: 470427 | G52: =ROUND(F52*E52,2) -> 1411281 | I52: 484577 | J52: =-I52*J$12+I52 -> 470427.35 | K52: =ROUND(J52,0) -> 470427
B53: 10 | C53: MUEBLES | G53: =SUM(G54:G55) -> 2209164 | J53: =-I53*J$12+I53 -> 0 | K53: =ROUND(J53,0) -> 0
B54: 10.01 | C54: Suministro, transporte e instalación MUEBLE DE COCINA EN FÓRMICA DE 1.50 M PARA EL MODULO INFERIOR contiene: Mueble inferior de cocina de 1,50 m fabricado en tablero aglomerado MDP resistente a la humedad de 15mm de espesor, estructura interna en color blanco, puertas del mismo material en color wood roble natural del mismo material y/o similar. Manijas y accesorios en acero, (3) puertas del mismo material. Mueble inferior con (3) puertas, un (1) cajones cubiertero con rieles de extensión total, Contiene patas niveladoras en acero inoxidable.Incluye todos los elementos para su correcta instalación.El contatista deberá asegurar el material resistente a la humedad. | D54: m | E54: ='MEMORIA DE CANTIDADES'!N766 -> 1.5 | F54: 706060 | G54: =ROUND(F54*E54,2) -> 1059090 | I54: 727297 | J54: =-I54*J$12+I54 -> 706059.93 | K54: =ROUND(J54,0) -> 706060
B55: 10.02 | C55: Suministro e Instalación Mesón en quarztone statuario extra blanco polar y/o similar 20mm de espesor y brillado,ancho:0.60m, longitud:1.50m Incluye todos los accesorios necesarios para su correcta instalación en mueble de cocina. | D55: m | E55: ='MEMORIA DE CANTIDADES'!N794 -> 1.5 | F55: 766716 | G55: =ROUND(F55*E55,2) -> 1150074 | I55: 789777 | J55: =-I55*J$12+I55 -> 766715.51 | K55: =ROUND(J55,0) -> 766716
J56: =-I56*J$12+I56 -> 0 | K56: =ROUND(J56,0) -> 0
B57: TOTAL COSTO DIRECTO OFICINA DE MASCOTAS | G57: =G12+G21+G25+G28+G30+G34+G36+G38+G44+G53 -> 37001740 | J57: =-I57*J$12+I57 -> 0 | K57: =ROUND(J57,0) -> 0
J58: =-I58*J$12+I58 -> 0 | K58: =ROUND(J58,0) -> 0
J59: =-I59*J$12+I59 -> 0 | K59: =ROUND(J59,0) -> 0
B60: MANTENIMIENTO CITAG EN EL AEROPUERTO EL DORADO | J60: =-I60*J$12+I60 -> 0 | K60: =ROUND(J60,0) -> 0
B61: ÍTEM | C61: DESCRIPCIÓN | D61: UNIDAD | E61: CANTIDAD | F61: VR UNITARIO | G61: SUBTOTAL | J61: =-I61*J$12+I61 -> 0 | K61: =ROUND(J61,0) -> 0
B62: 1 | C62: PRELIMINARES | G62: =SUM(G63:G84) -> 5056844.2 | J62: =-I62*J$12+I62 -> 0 | K62: =ROUND(J62,0) -> 0
B63: =B62+0.01 -> 1.01 | C63: Cargue manual y retiro de escombros volqueta 7m3.Incluye certificado a la escombrera autorizada. Incluye certificados. | D63: m3 | E63: ='MEMORIA DE CANTIDADES'!N821 -> 7 | F63: 52176 | G63: =ROUND(F63*E63,2) -> 365232 | I63: 53745.26 | J63: =-I63*J$12+I63 -> 52175.898 | K63: =ROUND(J63,0) -> 52176
B64: =B63+0.01 -> 1.02 | C64: Desmonte de cielo raso, incluye estructura y demás elementos que componen el cieloraso. Incluye retiro al botadero autorizado. | D64: m2 | E64: ='MEMORIA DE CANTIDADES'!N844 -> 33.94 | F64: 8297 | G64: =ROUND(F64*E64,2) -> 281600.18 | I64: 8546.78 | J64: =-I64*J$12+I64 -> 8297.214 | K64: =ROUND(J64,0) -> 8297
B65: =B64+0.01 -> 1.03 | C65: Desmonte y reinstalación de detectores en área de baños. | D65: Un | E65: ='MEMORIA DE CANTIDADES'!N867 -> 8 | F65: 4845 | G65: =ROUND(F65*E65,2) -> 38760 | I65: 4991.21 | J65: =-I65*J$12+I65 -> 4845.4667 | K65: =ROUND(J65,0) -> 4845
B66: =B65+0.01 -> 1.04 | C66: Desmonte de flanche en lámina. Incluye retiro al botadero autorizado. | D66: m | E66: ='MEMORIA DE CANTIDADES'!N890 -> 40 | F66: 3492 | G66: =ROUND(F66*E66,2) -> 139680 | I66: 3597.2 | J66: =-I66*J$12+I66 -> 3492.1618 | K66: =ROUND(J66,0) -> 3492
B67: =B66+0.01 -> 1.05 | C67: Desmonte de grifería.Incluye retiro al botadero autorizado y/o entrega a almacen de los elementos reutilizables | D67: Un | E67: ='MEMORIA DE CANTIDADES'!N914 -> 1 | F67: 23517 | G67: =ROUND(F67*E67,2) -> 23517 | I67: 24224.2 | J67: =-I67*J$12+I67 -> 23516.853 | K67: =ROUND(J67,0) -> 23517
B68: =B67+0.01 -> 1.06 | C68: Desmonte de lámpara hermética.Incluye retiro al botadero autorizado y/o entrega a almacen de los elementos reutilizables. | D68: Un | E68: ='MEMORIA DE CANTIDADES'!N937 -> 6 | F68: 18490 | G68: =ROUND(F68*E68,2) -> 110940 | I68: 19046.6 | J68: =-I68*J$12+I68 -> 18490.439 | K68: =ROUND(J68,0) -> 18490
B69: =B68+0.01 -> 1.07 | C69: Desmonte de avisos fachada. Incluye retiro de sobrantes y/o entrega a almacen de los elementos reutilizables | D69: m2 | E69: ='MEMORIA DE CANTIDADES'!N961 -> 16 | F69: 17733 | G69: =ROUND(F69*E69,2) -> 283728 | I69: 18266.14 | J69: =-I69*J$12+I69 -> 17732.769 | K69: =ROUND(J69,0) -> 17733
B70: =B69+0.01 -> 1.08 | C70: Desmonte de luminarias tipo campana ubicadas en el establo.Incluye retiro al botadero autorizado y/o entrega a almacen de los elementos reutilizables | D70: Un | E70: ='MEMORIA DE CANTIDADES'!N984 -> 14 | F70: 27732 | G70: =ROUND(F70*E70,2) -> 388248 | I70: 28565.97 | J70: =-I70*J$12+I70 -> 27731.844 | K70: =ROUND(J70,0) -> 27732
B71: =B70+0.01 -> 1.09 | C71: Desmonte de luminarias tipo panel LED.Incluye retiro al botadero autorizado y/o entrega a almacen de los elementos reutilizables | D71: Un | E71: ='MEMORIA DE CANTIDADES'!N1007 -> 5 | F71: 27732 | G71: =ROUND(F71*E71,2) -> 138660 | I71: 28565.97 | J71: =-I71*J$12+I71 -> 27731.844 | K71: =ROUND(J71,0) -> 27732
B72: =B71+0.01 -> 1.1 | C72: Desmonte de manto asfáltico en viga canal. Incluye retiro al botadero autorizado. | D72: m2 | E72: ='MEMORIA DE CANTIDADES'!N1030 -> 140 | F72: 8565 | G72: =ROUND(F72*E72,2) -> 1199100 | I72: 8822.4 | J72: =-I72*J$12+I72 -> 8564.7859 | K72: =ROUND(J72,0) -> 8565
B73: =B72+0.01 -> 1.11 | C73: Desmonte de marcos y puertas.Incluye retiro al botadero autorizado y/o entrega a almacen de los elementos reutilizable | D73: m2 | E73: ='MEMORIA DE CANTIDADES'!N1053 -> 8.4 | F73: 13395 | G73: =ROUND(F73*E73,2) -> 112518 | I73: 13797.89 | J73: =-I73*J$12+I73 -> 13394.992 | K73: =ROUND(J73,0) -> 13395
B74: =B73+0.01 -> 1.12 | C74: Desmonte de reflectores.Incluye retiro al botadero autorizado y/o entrega a almacen de los elementos reutilizable | D74: Un | E74: ='MEMORIA DE CANTIDADES'!N1076 -> 25 | F74: 9633 | G74: =ROUND(F74*E74,2) -> 240825 | I74: 9923.16 | J74: =-I74*J$12+I74 -> 9633.4037 | K74: =ROUND(J74,0) -> 9633
B75: =B74+0.01 -> 1.13 | C75: Desmonte de ventana.Incluye retiro al botadero autorizado y/o entrega a almacen de los elementos reutilizable | D75: m2 | E75: ='MEMORIA DE CANTIDADES'!N1100 -> 4 | F75: 12722 | G75: =ROUND(F75*E75,2) -> 50888 | I75: 13105.11 | J75: =-I75*J$12+I75 -> 12722.441 | K75: =ROUND(J75,0) -> 12722
B76: =B75+0.01 -> 1.14 | C76: Desmonte de frescasa de cielo raso. Incluye retiro al botadero autorizado. | D76: m2 | E76: ='MEMORIA DE CANTIDADES'!N1125 -> 6 | F76: 9583 | G76: =ROUND(F76*E76,2) -> 57498 | I76: 9871.46 | J76: =-I76*J$12+I76 -> 9583.2134 | K76: =ROUND(J76,0) -> 9583
B77: =B76+0.01 -> 1.15 | C77: Desmonte de llave de jardín en área de poceta. Incluye retiro al botadero autorizado. | D77: Un | E77: ='MEMORIA DE CANTIDADES'!N1149 -> 2 | F77: 23517 | G77: =ROUND(F77*E77,2) -> 47034 | I77: 24224.2 | J77: =-I77*J$12+I77 -> 23516.853 | K77: =ROUND(J77,0) -> 23517
B78: =B77+0.01 -> 1.16 | C78: Desmonte de chapas y cerraduras.Incluye retiro al botadero autorizado. | D78: Un | E78: ='MEMORIA DE CANTIDADES'!N1172 -> 10 | F78: 22472 | G78: =ROUND(F78*E78,2) -> 224720 | I78: 23148.38 | J78: =-I78*J$12+I78 -> 22472.447 | K78: =ROUND(J78,0) -> 22472
B79: =B78+0.01 -> 1.17 | C79: Demolición de enchape en cerámica muros. Incluye retiro de sobrantes al botadero autorizado | D79: m2 | E79: ='MEMORIA DE CANTIDADES'!N1195 -> 4 | F79: 11383 | G79: =ROUND(F79*E79,2) -> 45532 | I79: 11724.98 | J79: =-I79*J$12+I79 -> 11382.611 | K79: =ROUND(J79,0) -> 11383
B80: =B79+0.01 -> 1.18 | C80: Desmonte de piso en neopreno de establos. Incluye retiro de sobrantes al botadero autorizado | D80: m2 | E80: ='MEMORIA DE CANTIDADES'!N1218 -> 280 | F80: 1106 | G80: =ROUND(F80*E80,2) -> 309680 | I80: 1138.86 | J80: =-I80*J$12+I80 -> 1105.6053 | K80: =ROUND(J80,0) -> 1106
B81: =B80+0.01 -> 1.19 | C81: Desmonte de puerta establo con medidas apróx. 4.00x900m. | D81: m2 | E81: ='MEMORIA DE CANTIDADES'!N1242 -> 36 | F81: 13395 | G81: =ROUND(F81*E81,2) -> 482220 | I81: 13797.89 | J81: =-I81*J$12+I81 -> 13394.992 | K81: =ROUND(J81,0) -> 13395
B82: =B81+0.01 -> 1.2 | C82: Desmonte de cárcamo metálicos.Incluye retiro al botadero autorizado y/o entrega a almacen de los elementos reutilizable | D82: m | E82: ='MEMORIA DE CANTIDADES'!N1265 -> 100 | F82: 3731 | G82: =ROUND(F82*E82,2) -> 373100 | I82: 3843.22 | J82: =-I82*J$12+I82 -> 3730.998 | K82: =ROUND(J82,0) -> 3731
B83: =B82+0.01 -> 1.21 | C83: Desmonte de cubierta en acceso. Incluye estructuras y todos los elementos que componen la estructura. .Incluye retiro al botadero autorizado y/o entrega a almacen de los elementos reutilizable | D83: m2 | E83: ='MEMORIA DE CANTIDADES'!N1290 -> 4 | F83: 18186 | G83: =ROUND(F83*E83,2) -> 72744 | I83: 18732.9 | J83: =-I83*J$12+I83 -> 18185.899 | K83: =ROUND(J83,0) -> 18186
B84: =B83+0.01 -> 1.22 | C84: Desmonte de avisos , letreros, pancartas | D84: Un | E84: ='MEMORIA DE CANTIDADES'!N1313 -> 60 | F84: 1177 | G84: =ROUND(F84*E84,2) -> 70620 | I84: 1211.89 | J84: =-I84*J$12+I84 -> 1176.5028 | K84: =ROUND(J84,0) -> 1177
B85: 2 | C85: ESTRUCTURAS EN CONCRETO | G85: =SUM(G86) -> 522093.6 | J85: =-I85*J$12+I85 -> 0 | K85: =ROUND(J85,0) -> 0
B86: =B85+0.01 -> 2.01 | C86: Suministro rampa fundida concreto con refuerzo, puerta acceso a cuarto frio.0,10 x 0,15 X 100 cm | D86: m2 | E86: ='MEMORIA DE CANTIDADES'!N1338 -> 1.2 | F86: 435078 | G86: =ROUND(F86*E86,2) -> 522093.6 | I86: 448164.18 | J86: =-I86*J$12+I86 -> 435077.79 | K86: =ROUND(J86,0) -> 435078
B87: 3 | C87: ESTRUCTURA METÁLICA | G87: =SUM(G88:G88) -> 1617678.4 | J87: =-I87*J$12+I87 -> 0 | K87: =ROUND(J87,0) -> 0
B88: =B87+0.01 -> 3.01 | C88: Suministro e instalación de estructura para cubierta en perfil metálico rectangular 50 x 25 x 1.1mm C18 x 6m color gris plata y/o similar, pintados con imprimación anticorrosiva+pintura acabado. Incluye todos los elementos y accesorios necesarios para su correcta instalación. Acceso principal | D88: m | E88: ='MEMORIA DE CANTIDADES'!N1364 -> 20.8 | F88: 77773 | G88: =ROUND(F88*E88,2) -> 1617678.4 | I88: 80112.09 | J88: =-I88*J$12+I88 -> 77772.817 | K88: =ROUND(J88,0) -> 77773
B89: 4 | C89: CUBIERTAS | G89: =SUM(G90:G93) -> 23481943 | J89: =-I89*J$12+I89 -> 0 | K89: =ROUND(J89,0) -> 0
B90: =B89+0.01 -> 4.01 | C90: Suministro e instalación de Flanche de 40 cm de ancho, Cal 26. Incluye todos elementos y accesorios para su correcta instalación. Cubierta y acceso principal. Acceso principal | D90: m | E90: ='MEMORIA DE CANTIDADES'!N1390 -> 40 | F90: 28150 | G90: =ROUND(F90*E90,2) -> 1126000 | I90: 28996.47 | J90: =-I90*J$12+I90 -> 28149.773 | K90: =ROUND(J90,0) -> 28150
B91: =B90+0.01 -> 4.02 | C91: Impermeabilización de cubierta SikaFill®-100 Super CO, impermeabilizate acrilico. Incluye todos los elementos para su correcta aplicación. | D91: m2 | E91: ='MEMORIA DE CANTIDADES'!N1415 -> 140 | F91: 122563 | G91: =ROUND(F91*E91,2) -> 17158820 | I91: 126249.94 | J91: =-I91*J$12+I91 -> 122563.44 | K91: =ROUND(J91,0) -> 122563
B92: =B91+0.01 -> 4.03 | C92: Suministro de instalación de Teja termoacústica. Incluye todos los elementos para su correcta instalación. Acceso principal | D92: m2 | E92: ='MEMORIA DE CANTIDADES'!N1440 -> 7.2 | F92: 90058 | G92: =ROUND(F92*E92,2) -> 648417.6 | I92: 92766.97 | J92: =-I92*J$12+I92 -> 90058.174 | K92: =ROUND(J92,0) -> 90058
B93: =B92+0.01 -> 4.04 | C93: Suministro e instalacion Escalera de gato + Línea de vida vertical certificada | D93: m | E93: ='MEMORIA DE CANTIDADES'!N1464 -> 7 | F93: 649815 | G93: =ROUND(F93*E93,2) -> 4548705 | I93: 669359.95 | J93: =-I93*J$12+I93 -> 649814.64 | K93: =ROUND(J93,0) -> 649815
B94: 5 | C94: PAÑETES (REVOQUES) | G94: =SUM(G95) -> 46543875 | J94: =-I94*J$12+I94 -> 0 | K94: =ROUND(J94,0) -> 0
B95: =B94+0.01 -> 5.01 | C95: Suministro y aplicación de impermeabilizante para muros en área exterior para muros de pesebrera. | D95: m2 | E95: ='MEMORIA DE CANTIDADES'!N1491 -> 525 | F95: 88655 | G95: =ROUND(F95*E95,2) -> 46543875 | I95: 91321.94 | J95: =-I95*J$12+I95 -> 88655.339 | K95: =ROUND(J95,0) -> 88655
B96: 6 | C96: INSTALACIONES HIDRÁULICAS | G96: =SUM(G97:G98) -> 5732972 | J96: =-I96*J$12+I96 -> 0 | K96: =ROUND(J96,0) -> 0
B97: =B96+0.01 -> 6.01 | C97: Mantenimiento y limpieza de bajantes | D97: m | E97: ='MEMORIA DE CANTIDADES'!N1516 -> 48 | F97: 39064 | G97: =ROUND(F97*E97,2) -> 1875072 | I97: 40239 | J97: =-I97*J$12+I97 -> 39064.021 | K97: =ROUND(J97,0) -> 39064
B98: =B97+0.01 -> 6.02 | C98: Mantenimiento y limpieza de de cárcamos | D98: m | E98: ='MEMORIA DE CANTIDADES'!N1540 -> 100 | F98: 38579 | G98: =ROUND(F98*E98,2) -> 3857900 | I98: 39739 | J98: =-I98*J$12+I98 -> 38578.621 | K98: =ROUND(J98,0) -> 38579
B99: 7 | C99: INSTALACIONES ELÉCTRICAS | G99: =SUM(G100:G104) -> 4642200 | J99: =-I99*J$12+I99 -> 0 | K99: =ROUND(J99,0) -> 0
B100: =B99+0.01 -> 7.01 | C100: Cambio Luminaria alta potencia 50W, para establo | D100: Un | E100: ='MEMORIA DE CANTIDADES'!N1613 -> 14 | F100: 73867 | G100: =ROUND(F100*E100,2) -> 1034138 | I100: 76089 | J100: =-I100*J$12+I100 -> 73867.201 | K100: =ROUND(J100,0) -> 73867
B101: =B100+0.01 -> 7.02 | C101: Suministro e instlación de Luminaria led hermética 2x18W T8 | D101: Un | E101: ='MEMORIA DE CANTIDADES'!N1637 -> 6 | F101: 175972 | G101: =ROUND(F101*E101,2) -> 1055832 | I101: 181265.19 | J101: =-I101*J$12+I101 -> 175972.25 | K101: =ROUND(J101,0) -> 175972
B102: =B101+0.01 -> 7.03 | C102: Suministro e instalación Panel led 60x60 cm 38W | D102: Un | E102: ='MEMORIA DE CANTIDADES'!N1661 -> 5 | F102: 152628 | G102: =ROUND(F102*E102,2) -> 763140 | I102: 157219.25 | J102: =-I102*J$12+I102 -> 152628.45 | K102: =ROUND(J102,0) -> 152628
B103: =B102+0.01 -> 7.04 | C103: Suministro e instalación reflector de aviso 100W | D103: Un | E103: ='MEMORIA DE CANTIDADES'!N1685 -> 2 | F103: 92795 | G103: =ROUND(F103*E103,2) -> 185590 | I103: 95586.5 | J103: =-I103*J$12+I103 -> 92795.374 | K103: =ROUND(J103,0) -> 92795
B104: =B103+0.01 -> 7.05 | C104: Suministro e instalación aplique ovalado luz led blanca 100W fachada | D104: Un | E104: ='MEMORIA DE CANTIDADES'!N1708 -> 20 | F104: 80175 | G104: =ROUND(F104*E104,2) -> 1603500 | I104: 82586.5 | J104: =-I104*J$12+I104 -> 80174.974 | K104: =ROUND(J104,0) -> 80175
B105: 8 | C105: CIELOS RASOS | G105: =SUM(G106:G107) -> 3132089.4 | J105: =-I105*J$12+I105 -> 0 | K105: =ROUND(J105,0) -> 0
B106: =B105+0.01 -> 8.01 | C106: Suministro e instalación de Aislamiento térmico frescasa 3 ½" (con papel). Incluye todos los elementos para su correcta instalación. | D106: m2 | E106: ='MEMORIA DE CANTIDADES'!N1733 -> 4.2 | F106: 35207 | G106: =ROUND(F106*E106,2) -> 147869.4 | I106: 36265.9 | J106: =-I106*J$12+I106 -> 35206.936 | K106: =ROUND(J106,0) -> 35207
...

Sheet APUS
B7: INSTITUTO COLOMBIANO AGROPECUARIO ICA
B8: GRUPO GESTIÓN INFRAESTRUCTURA FISICA Y MANTENIMIENTO
B9: ANÁLISIS PRECIOS UNITARIOS 2024
B11: ADECUACIÓN OFICINA DE MASCOTAS EN EL AEROPUERTO EL DORADO
B13: ='FORMULARIO 1 PRESUPUESTO'!B12 -> 1 | C13: ='FORMULARIO 1 PRESUPUESTO'!C12 -> PRELIMINARES
B15: ='FORMULARIO 1 PRESUPUESTO'!B13 -> 1.01 | C15: ='FORMULARIO 1 PRESUPUESTO'!C13 -> Demolición manual de guardaescobas. Incluye retiro de sobrantes al botadero autorizado | G15: ='FORMULARIO 1 PRESUPUESTO'!D13 -> m
C16: DESCRIPCIÓN | D16: UNIDAD | E16: CANT/ REND | F16: PRECIO UNITARIO | G16: VR PARCIAL
C17: EQUIPO y HERRAMIENTAS:
C18: ALMADANA 4 lb | D18: Un | E18: 0.0004 | F18: 47860 | G18: =ROUND(E18*F18, 2) -> 19.14
C19: CINCEL 3/4" ACERO TEMPLADO | D19: Un | E19: 0.0004 | F19: 28732 | G19: =ROUND(E19*F19, 2) -> 11.49
F20: Subtotal = | G20: =SUM(G18:G19) -> 30.63
C21: MANO de OBRA:
C22: CUADRILLA 2 Ay | D22: Día | E22: 0.0196 | F22: 162222 | G22: =ROUND(E22*F22, 2) -> 3179.55
F23: Subtotal = | G23: =SUM(G22:G22) -> 3179.55
F25: VR COSTO DIRECTO = | G25: =ROUND(SUM(G17:G23)/2, 0) -> 3210
B28: ='FORMULARIO 1 PRESUPUESTO'!B14 -> 1.02 | C28: ='FORMULARIO 1 PRESUPUESTO'!C14 -> Demolición manual de muro para ducto de ventilación. | G28: ='FORMULARIO 1 PRESUPUESTO'!D14 -> m2
C29: DESCRIPCIÓN | D29: UNIDAD | E29: CANT/ REND | F29: PRECIO UNITARIO | G29: VR PARCIAL
C30: EQUIPO y HERRAMIENTAS:
C31: ALMADANA 18 lb | D31: Un | E31: 0.0009 | F31: 114347 | G31: =ROUND(E31*F31, 2) -> 102.91
C32: BARRA AGRÍCOLA | D32: Un | E32: 0.0009 | F32: 100284 | G32: =ROUND(E32*F32, 2) -> 90.26
F33: Subtotal = | G33: =SUM(G31:G32) -> 193.17
C34: MANO de OBRA:
C35: CUADRILLA 2 Ay | D35: Día | E35: 0.0453 | F35: 162222 | G35: =ROUND(E35*F35, 2) -> 7348.66
F36: Subtotal = | G36: =SUM(G35:G35) -> 7348.66
F38: VR COSTO DIRECTO = | G38: =ROUND(SUM(G30:G36)/2, 0) -> 7542
B41: ='FORMULARIO 1 PRESUPUESTO'!B15 -> 1.03 | C41: ='FORMULARIO 1 PRESUPUESTO'!C15 -> Desmonte de grifería.Incluye retiro al botadero autorizado y/o entrega a almacén de los elementos reutilizables | G41: ='FORMULARIO 1 PRESUPUESTO'!D15 -> Un
C42: DESCRIPCIÓN | D42: UNIDAD | E42: CANT/ REND | F42: PRECIO UNITARIO | G42: VR PARCIAL
C43: EQUIPO y HERRAMIENTAS:
C44: HERRAMIENTAS PARA PLOMERO | D44: Un | E44: 0.0022 | F44: 320887 | G44: =ROUND(E44*F44, 2) -> 705.95
F45: Subtotal = | G45: =SUM(G44:G44) -> 705.95
C46: MANO de OBRA:
C47: PLOMERO (Incl. prestaciones) | D47: Día | E47: 0.223 | F47: 105463 | G47: =ROUND(E47*F47, 2) -> 23518.25
F48: Subtotal = | G48: =SUM(G47:G47) -> 23518.25
F50: VR COSTO DIRECTO = | G50: =ROUND(SUM(G43:G48)/2, 0) -> 24224
B53: ='FORMULARIO 1 PRESUPUESTO'!B16 -> 1.04 | C53: ='FORMULARIO 1 PRESUPUESTO'!C16 -> Desmonte de lavamanos.Incluye retiro al botadero autorizado y/o entrega a almacén de los elementos reutilizables | G53: ='FORMULARIO 1 PRESUPUESTO'!D16 -> Un
C54: DESCRIPCIÓN | D54: UNIDAD | E54: CANT/ REND | F54: PRECIO UNITARIO | G54: VR PARCIAL
C55: EQUIPO y HERRAMIENTAS:
C56: HERRAMIENTAS PARA ALBAÑIL | D56: Un | E56: 0.0012 | F56: 297692 | G56: =ROUND(E56*F56, 2) -> 357.23
F57: Subtotal = | G57: =SUM(G56:G56) -> 357.23
C58: MANO de OBRA:
C59: CUADRILLA 1 OF + 1 AY | D59: Día | E59: 0.1216 | F59: 194692 | G59: =ROUND(E59*F59, 2) -> 23674.55
F60: Subtotal = | G60: =SUM(G59:G59) -> 23674.55
F62: VR COSTO DIRECTO = | G62: =ROUND(SUM(G55:G60)/2, 0) -> 24032
B67: ='FORMULARIO 1 PRESUPUESTO'!B17 -> 1.05 | C67: ='FORMULARIO 1 PRESUPUESTO'!C17 -> Desmonte de piso en vinisol.Incluye retiro al botadero autorizado | G67: ='FORMULARIO 1 PRESUPUESTO'!D17 -> m2
C68: DESCRIPCIÓN | D68: UNIDAD | E68: CANT/ REND | F68: PRECIO UNITARIO | G68: VR PARCIAL
C69: MATERIALES:
C70: VASELINA | D70: Kg | E70: 0.03 | F70: 9652 | G70: =ROUND(E70*F70, 2) -> 289.56
F71: Subtotal = | G71: =SUM(G70:G70) -> 289.56
C72: EQUIPO y HERRAMIENTAS:
C73: MÁQUINA DE DECAPADO DE PISO | D73: Día | E73: 0.105 | F73: 21447 | G73: =ROUND(E73*F73, 2) -> 2251.94
F74: Subtotal = | G74: =SUM(G73:G73) -> 2251.94
C75: TRANSPORTES:
C76: CAMIONETA | D76: Hr | E76: 0.02 | F76: 36485 | G76: =ROUND(E76*F76, 2) -> 729.7
F77: Subtotal = | G77: =SUM(G76:G76) -> 729.7
C78: MANO de OBRA:
C79: CUADRILLA 1 OF + 1 AY | D79: Día | E79: 0.03 | F79: 194692 | G79: =ROUND(E79*F79, 2) -> 5840.76
F80: Subtotal = | G80: =SUM(G79:G79) -> 5840.76
F82: VR COSTO DIRECTO = | G82: =ROUND(SUM(G69:G80)/2, 0) -> 9112
B85: ='FORMULARIO 1 PRESUPUESTO'!B18 -> 1.06 | C85: ='FORMULARIO 1 PRESUPUESTO'!C18 -> Desmonte de puerta en vidrio templado.Incluye retiro al botadero autorizado y/o entrega a almacén de los elementos reutilizables | G85: ='FORMULARIO 1 PRESUPUESTO'!D18 -> m2
C86: DESCRIPCIÓN | D86: UNIDAD | E86: CANT/ REND | F86: PRECIO UNITARIO | G86: VR PARCIAL
C87: MATERIALES:
C88: ESCALERA DE ALUMINIO EN TIJERA 6 PASOS | D88: Un | E88: 0.0014 | F88: 262690 | G88: =ROUND(E88*F88, 2) -> 367.77
C89: LLAVE BRISTOL | D89: Un | E89: 0.0029 | F89: 4549 | G89: =ROUND(E89*F89, 2) -> 13.19
F90: Subtotal = | G90: =SUM(G88:G89) -> 380.96
C91: MANO de OBRA:
C92: CUADRILLA 1 OF + 1 AY | D92: Día | E92: 0.1441 | F92: 194692 | G92: =ROUND(E92*F92, 2) -> 28055.12
F93: Subtotal = | G93: =SUM(G92:G92) -> 28055.12
F95: VR COSTO DIRECTO = | G95: =ROUND(SUM(G87:G93)/2, 0) -> 28436
B98: ='FORMULARIO 1 PRESUPUESTO'!B19 -> 1.07 | C98: ='FORMULARIO 1 PRESUPUESTO'!C19 -> Desmonte de puesto de trabajo.Incluye retiro al botadero autorizado y/o entrega a almacén de los elementos reutilizables | G98: ='FORMULARIO 1 PRESUPUESTO'!D19 -> Un
C99: DESCRIPCIÓN | D99: UNIDAD | E99: CANT/ REND | F99: PRECIO UNITARIO | G99: VR PARCIAL
C100: EQUIPO y HERRAMIENTAS:
C101: HERRAMIENTAS PARA ALBAÑIL | D101: Un | E101: 0.0011 | F101: 297692 | G101: =ROUND(E101*F101, 2) -> 327.46
F102: Subtotal = | G102: =SUM(G101:G101) -> 327.46
C103: MANO de OBRA:
C104: CUADRILLA 1 OF + 1 AY | D104: Día | E104: 0.1126 | F104: 194692 | G104: =ROUND(E104*F104, 2) -> 21922.32
F105: Subtotal = | G105: =SUM(G104:G104) -> 21922.32
F107: VR COSTO DIRECTO = | G107: =ROUND(SUM(G100:G105)/2, 0) -> 22250
B110: ='FORMULARIO 1 PRESUPUESTO'!B20 -> 1.08 | C110: ='FORMULARIO 1 PRESUPUESTO'!C20 -> Regata en piso para tubería (incl. mortero de resane).Incluye retiro al botadero autorizado. Área de residuos. | G110: ='FORMULARIO 1 PRESUPUESTO'!D20 -> m
C111: DESCRIPCIÓN | D111: UNIDAD | E111: CANT/ REND | F111: PRECIO UNITARIO | G111: VR PARCIAL
C112: MATERIALES:
C113: AGUA | D113: Lt | E113: 1 | F113: 67 | G113: =ROUND(E113*F113, 2) -> 67
C114: MORTERO 1:3 | D114: m3 | E114: 0.005 | F114: 451566 | G114: =ROUND(E114*F114, 2) -> 2257.83
F115: Subtotal = | G115: =SUM(G113:G114) -> 2324.83
C116: EQUIPO y HERRAMIENTAS:
C117: PULIDORA ELÉCTRICA, CARETA CON VISOR, EXTENSIÓN ELÉCTRICA | D117: Un | E117: 0.0015 | F117: 979833 | G117: =ROUND(E117*F117, 2) -> 1469.75
C118: DISCO DIAMANTADO 7" | D118: Un | E118: 0.003 | F118: 125001 | G118: =ROUND(E118*F118, 2) -> 375
C119: ALMADANA 4 lb | D119: Un | E119: 0.0015 | F119: 47860 | G119: =ROUND(E119*F119, 2) -> 71.79
C120: CINCEL 3/4" ACERO TEMPLADO | D120: Un | E120: 0.0015 | F120: 28732 | G120: =ROUND(E120*F120, 2) -> 43.1
C121: BALDE CONSTRUCCIÓN | D121: Un | E121: 0.0015 | F121: 6022 | G121: =ROUND(E121*F121, 2) -> 9.03
C122: PALUSTRE | D122: Un | E122: 0.0015 | F122: 13796 | G122: =ROUND(E122*F122, 2) -> 20.69
F123: Subtotal = | G123: =SUM(G117:G122) -> 1989.36
C124: MANO de OBRA:
C125: CUADRILLA 1 OF + 1 AY | D125: Día | E125: 0.153 | F125: 194692 | G125: =ROUND(E125*F125, 2) -> 29787.88
F126: Subtotal = | G126: =SUM(G125:G125) -> 29787.88
F128: VR COSTO DIRECTO = | G128: =ROUND(SUM(G112:G126)/2, 0) -> 34102
B130: ='FORMULARIO 1 PRESUPUESTO'!B21 -> 2 | C130: ='FORMULARIO 1 PRESUPUESTO'!C21 -> MUROS
B132: ='FORMULARIO 1 PRESUPUESTO'!B22 -> 2.01 | C132: ='FORMULARIO 1 PRESUPUESTO'!C22 -> Suministro e instalación de muro superboard 8mm doble cara E=12, con reforzamiento en madera en apoyos superiores, medios e inferiores para el apoyo y soporte de puertas. | G132: ='FORMULARIO 1 PRESUPUESTO'!D22 -> m2
C133: DESCRIPCIÓN | D133: UNIDAD | E133: CANT/ REND | F133: PRECIO UNITARIO | G133: VR PARCIAL
C134: MATERIALES:
C135: SUPERBOARD 1.22 m x 2.44 m x 8 mm | D135: Un | E135: 0.69 | F135: 70400 | G135: =ROUND(E135*F135, 2) -> 48576
...

Sheet MEMORIA DE CANTIDADES
B2: INSTITUTO COLOMBIANO AGROPECUARIO ICA
B3: GRUPO GESTIÓN INFRAESTRUCTURA FISICA Y MANTENIMIENTO
B4: MEMORIA DE CANTIDADES
B7: ADECUACIÓN OFICINA DE MASCOTAS EN EL AEROPUERTO EL DORADO
B8: ='FORMULARIO 1 PRESUPUESTO'!B12 -> 1 | C8: ='FORMULARIO 1 PRESUPUESTO'!C12 -> PRELIMINARES
B13: INSTITUTO COLOMBIANO AGROPECUARIO ICA
B14: GRUPO GESTIÓN INFRAESTRUCTURA FISICA Y MANTENIMIENTO
B15: PRESUPUESTO DE OBRA 2024
B17: FECHA | D17: DD | E17: 1 | F17: MM | G17: 4 | H17: AAAA | I17: 2024
B19: PROYECTO | F19: ADECUACIÓN OFICINA DE MASCOTAS
B21: CAPÍTULO | C21: ='FORMULARIO 1 PRESUPUESTO'!B12 -> 1 | D21: ITEM | E21: ='FORMULARIO 1 PRESUPUESTO'!B13 -> 1.01 | F21: ACTIVIDAD | H21: ='FORMULARIO 1 PRESUPUESTO'!C13 -> Demolición manual de guardaescobas. Incluye retiro de sobrantes al botadero autorizado | M21: UNID. | N21: ='FORMULARIO 1 PRESUPUESTO'!D13 -> m
H22: Localización | I22: Dimensiones | L22: ÁREA / VOLUMEN | M22: No Elem. | N22: Medida Total
I23: Ancho | J23: Alto | K23: Longitud/Area/Unidad
K24: 8 | M24: 1 | N24: =M24*K24 -> 8
B26: OBSERVACIONES: Áreas de intervención de residuos, archivo y cafetería | H26: Subtotal | N26: =N24 -> 8
H27: Acumulado | N27: =N26 -> 8
H28: TOTAL | N28: =N27 -> 8
B33: INSTITUTO COLOMBIANO AGROPECUARIO ICA
B34: GRUPO GESTIÓN INFRAESTRUCTURA FISICA Y MANTENIMIENTO
B35: PRESUPUESTO DE OBRA 2024
B37: FECHA | D37: DD | E37: 1 | F37: MM | G37: 4 | H37: AAAA | I37: 2024
B39: PROYECTO | F39: ADECUACIÓN OFICINA DE MASCOTAS
B41: CAPÍTULO | C41: ='FORMULARIO 1 PRESUPUESTO'!B12 -> 1 | D41: ITEM | E41: ='FORMULARIO 1 PRESUPUESTO'!B14 -> 1.02 | F41: ACTIVIDAD | H41: ='FORMULARIO 1 PRESUPUESTO'!C14 -> Demolición manual de muro para ducto de ventilación. | M41: UNID. | N41: ='FORMULARIO 1 PRESUPUESTO'!D14 -> m2
H42: Localización | I42: Dimensiones | L42: ÁREA / VOLUMEN | M42: No Elem. | N42: Medida Total
I43: Ancho | J43: Alto | K43: Longitud/Area/Unidad
H44: Residuos | K44: 1 | L44: 1 | M44: 1 | N44: =M44*L44 -> 1
B46: OBSERVACIONES:Área de residuos | H46: Subtotal | N46: =N44 -> 1
H47: Acumulado | N47: =N46 -> 1
H48: TOTAL | N48: =N47 -> 1
B53: INSTITUTO COLOMBIANO AGROPECUARIO ICA
B54: GRUPO GESTIÓN INFRAESTRUCTURA FISICA Y MANTENIMIENTO
B55: PRESUPUESTO DE OBRA 2024
B57: FECHA | D57: DD | E57: 1 | F57: MM | G57: 4 | H57: AAAA | I57: 2024
B59: PROYECTO | F59: ADECUACIÓN OFICINA DE MASCOTAS
B61: CAPÍTULO | C61: ='FORMULARIO 1 PRESUPUESTO'!B12 -> 1 | D61: ITEM | E61: ='FORMULARIO 1 PRESUPUESTO'!B15 -> 1.03 | F61: ACTIVIDAD | H61: ='FORMULARIO 1 PRESUPUESTO'!C15 -> Desmonte de grifería.Incluye retiro al botadero autorizado y/o entrega a almacén de los elementos reutilizables | M61: UNID. | N61: ='FORMULARIO 1 PRESUPUESTO'!D15 -> Un
H62: Localización | I62: Dimensiones | L62: ÁREA / VOLUMEN | M62: No Elem. | N62: Medida Total
I63: Ancho | J63: Alto | K63: Longitud/Area/Unidad
H64: Lavamanos | K64: 1 | L64: 1 | M64: 1 | N64: =M64*L64 -> 1
B66: OBSERVACIONES: | H66: Subtotal | N66: =N64 -> 1
H67: Acumulado | N67: =N66 -> 1
H68: TOTAL | N68: =N67 -> 1
B73: INSTITUTO COLOMBIANO AGROPECUARIO ICA
B74: GRUPO GESTIÓN INFRAESTRUCTURA FISICA Y MANTENIMIENTO
B75: PRESUPUESTO DE OBRA 2024
B77: FECHA | D77: DD | E77: 1 | F77: MM | G77: 4 | H77: AAAA | I77: 2024
B79: PROYECTO | F79: ADECUACIÓN OFICINA DE MASCOTAS
B81: CAPÍTULO | C81: ='FORMULARIO 1 PRESUPUESTO'!B12 -> 1 | D81: ITEM | E81: ='FORMULARIO 1 PRESUPUESTO'!B16 -> 1.04 | F81: ACTIVIDAD | H81: ='FORMULARIO 1 PRESUPUESTO'!C16 -> Desmonte de lavamanos.Incluye retiro al botadero autorizado y/o entrega a almacén de los elementos reutilizables | M81: UNID. | N81: ='FORMULARIO 1 PRESUPUESTO'!D16 -> Un
H82: Localización | I82: Dimensiones | L82: ÁREA / VOLUMEN | M82: No Elem. | N82: Medida Total
I83: Ancho | J83: Alto | K83: Longitud/Area/Unidad
H84: Lavamanos | K84: 1 | L84: 1 | M84: 1 | N84: =M84*L84 -> 1
B86: OBSERVACIONES: | H86: Subtotal | N86: =N84 -> 1
H87: Acumulado | N87: =N86 -> 1
H88: TOTAL | N88: =N87 -> 1
B94: INSTITUTO COLOMBIANO AGROPECUARIO ICA
B95: GRUPO GESTIÓN INFRAESTRUCTURA FISICA Y MANTENIMIENTO
B96: PRESUPUESTO DE OBRA 2024
B98: FECHA | D98: DD | E98: 1 | F98: MM | G98: 4 | H98: AAAA | I98: 2024
B100: PROYECTO | F100: ADECUACIÓN OFICINA DE MASCOTAS
B102: CAPÍTULO | C102: ='FORMULARIO 1 PRESUPUESTO'!B12 -> 1 | D102: ITEM | E102: ='FORMULARIO 1 PRESUPUESTO'!B17 -> 1.05 | F102: ACTIVIDAD | H102: ='FORMULARIO 1 PRESUPUESTO'!C17 -> Desmonte de piso en vinisol.Incluye retiro al botadero autorizado | M102: UNID. | N102: ='FORMULARIO 1 PRESUPUESTO'!D17 -> m2
H103: Localización | I103: Dimensiones | L103: ÁREA / VOLUMEN | M103: No Elem. | N103: Medida Total
I104: Ancho | J104: Alto | K104: Longitud/Area/Unidad
H105: Residuos | K105: 1 | L105: 2.2 | M105: 1 | N105: =M105*L105 -> 2.2
B107: OBSERVACIONES: | H107: Subtotal | N107: =N105 -> 2.2
H108: Acumulado | N108: =N107 -> 2.2
H109: TOTAL | N109: =N108 -> 2.2
B114: INSTITUTO COLOMBIANO AGROPECUARIO ICA
B115: GRUPO GESTIÓN INFRAESTRUCTURA FISICA Y MANTENIMIENTO
B116: PRESUPUESTO DE OBRA 2024
B118: FECHA | D118: DD | E118: 1 | F118: MM | G118: 4 | H118: AAAA | I118: 2024
B120: PROYECTO | F120: ADECUACIÓN OFICINA DE MASCOTAS
B122: CAPÍTULO | C122: ='FORMULARIO 1 PRESUPUESTO'!B12 -> 1 | D122: ITEM | E122: ='FORMULARIO 1 PRESUPUESTO'!B18 -> 1.06 | F122: ACTIVIDAD | H122: ='FORMULARIO 1 PRESUPUESTO'!C18 -> Desmonte de puerta en vidrio templado.Incluye retiro al botadero autorizado y/o entrega a almacén de los elementos reutilizables | M122: UNID. | N122: ='FORMULARIO 1 PRESUPUESTO'!D18 -> m2
H123: Localización | I123: Dimensiones | L123: ÁREA / VOLUMEN | M123: No Elem. | N123: Medida Total
I124: Ancho | J124: Alto | K124: Longitud/Area/Unidad
H125: Laboratorio 1 | I125: 1.1 | J125: 2.1 | K125: =J125*I125 -> 2.31 | L125: =K125 -> 2.31 | M125: 1 | N125: =M125*L125 -> 2.31
H126: Laboratorio 2 | I126: 1.1 | J126: 2.1 | K126: =J126*I126 -> 2.31 | L126: =K126 -> 2.31 | M126: 1 | N126: =M126*L126 -> 2.31
H127: Laboratorio 3 | I127: 1.1 | J127: 2.1 | K127: =J127*I127 -> 2.31 | L127: =K127 -> 2.31 | M127: 1 | N127: =M127*L127 -> 2.31
B128: OBSERVACIONES: | H128: Subtotal | N128: =SUM(N125:N127) -> 6.93
H129: Acumulado | N129: =N128 -> 6.93
H130: TOTAL | N130: =SUM(N129) -> 6.93
B135: INSTITUTO COLOMBIANO AGROPECUARIO ICA
B136: GRUPO GESTIÓN INFRAESTRUCTURA FISICA Y MANTENIMIENTO
B137: PRESUPUESTO DE OBRA 2024
B139: FECHA | D139: DD | E139: 1 | F139: MM | G139: 4 | H139: AAAA | I139: 2024
B141: PROYECTO | F141: ADECUACIÓN OFICINA DE MASCOTAS
B143: CAPÍTULO | C143: ='FORMULARIO 1 PRESUPUESTO'!B12 -> 1 | D143: ITEM | E143: ='FORMULARIO 1 PRESUPUESTO'!B19 -> 1.07 | F143: ACTIVIDAD | H143: ='FORMULARIO 1 PRESUPUESTO'!C19 -> Desmonte de puesto de trabajo.Incluye retiro al botadero autorizado y/o entrega a almacén de los elementos reutilizables | M143: UNID. | N143: ='FORMULARIO 1 PRESUPUESTO'!D19 -> Un
H144: Localización | I144: Dimensiones | L144: ÁREA / VOLUMEN | M144: No Elem. | N144: Medida Total
I145: Ancho | J145: Alto | K145: Longitud/Area/Unidad
H146: Cafetería | K146: 1 | M146: 5 | N146: =M146 -> 5
B148: OBSERVACIONES: | H148: Subtotal | N148: =N146 -> 5
H149: Acumulado | N149: =N148 -> 5
H150: TOTAL | N150: =N149 -> 5
B156: INSTITUTO COLOMBIANO AGROPECUARIO ICA
B157: GRUPO GESTIÓN INFRAESTRUCTURA FISICA Y MANTENIMIENTO
B158: PRESUPUESTO DE OBRA 2024
B160: FECHA | D160: DD | E160: 1 | F160: MM | G160: 4 | H160: AAAA | I160: 2024
B162: PROYECTO | F162: ADECUACIÓN OFICINA DE MASCOTAS
B164: CAPÍTULO | C164: ='FORMULARIO 1 PRESUPUESTO'!B12 -> 1 | D164: ITEM | E164: ='FORMULARIO 1 PRESUPUESTO'!B20 -> 1.08 | F164: ACTIVIDAD | H164: ='FORMULARIO 1 PRESUPUESTO'!C20 -> Regata en piso para tubería (incl. mortero de resane).Incluye retiro al botadero autorizado. Área de residuos. | M164: UNID. | N164: ='FORMULARIO 1 PRESUPUESTO'!D20 -> m
H165: Localización | I165: Dimensiones | L165: ÁREA / VOLUMEN | M165: No Elem. | N165: Medida Total
I166: Ancho | J166: Alto | K166: Longitud/Area/Unidad
H167: Residuos | K167: 3 | M167: 3 | N167: =M167 -> 3
...

Sheet AIU
B3: SUBGERENCIA ADMINISTRATIVA Y FINANCIERA
B4: GRUPO GESTION DE INFRAESTRUCUTRA FISICA Y MANTENIMIENTO
B5: CALCULO DE AIU
G7: Duración obra(meses) | I7: 3
B10: I. ADMINISTRACIÓN
B11: A. PERSONAL
B12: PERSONAL | C12: CANTIDAD DE PROFESIONALES | D12: SALARIO | E12: DEDIC. | F12: FACTOR PREST. | G12: SAL. + PEST. | H12: MESES | I12: COSTO TOTAL
B13: DIRECTOR DE OBRA | C13: 1 | D13: 4200000 | E13: 0.1 | F13: ='FM '!$D$41 -> 2.22 | G13: =F13*D13 -> 9324000 | H13: =$I$7 -> 3 | I13: =E13*G13*H13*C13 -> 2797200
B14: RESIDENTE DE OBRA 1 | C14: 1 | D14: 2500000 | E14: 0.5 | F14: ='FM '!$D$41 -> 2.22 | G14: =F14*D14 -> 5550000 | H14: =$I$7 -> 3 | I14: =E14*G14*H14*C14 -> 8325000
B15: SISOMA 1 | C15: 1 | D15: 2000000 | E15: 0.5 | F15: ='FM '!$D$41 -> 2.22 | G15: =F15*D15 -> 4440000 | H15: =$I$7 -> 3 | I15: =E15*G15*H15*C15 -> 6660000
B16: RESIDENTE DE OBRA 2 | C16: 1 | D16: 2500000 | E16: 0.5 | F16: ='FM '!$D$41 -> 2.22 | G16: =F16*D16 -> 5550000 | H16: =$I$7 -> 3 | I16: =E16*G16*H16*C16 -> 8325000
B17: SISOMA 2 | C17: 1 | D17: 2000000 | E17: 0.5 | F17: ='FM '!$D$41 -> 2.22 | G17: =F17*D17 -> 4440000 | H17: =$I$7 -> 3 | I17: =E17*G17*H17*C17 -> 6660000
H19: SUBTOTAL | I19: =SUM(I13:I17) -> 32767200
B21: B. FUNCIONAMIENTO
B22: DETALLE | E22: VALOR MES | H22: MESES | I22: COSTO TOTAL
B23: OFICINA | E23: 318000 | H23: =$I$7 -> 3 | I23: =H23*E23 -> 954000
B24: INFORMATICA | E24: 90000 | H24: =$I$7 -> 3 | I24: =H24*E24 -> 270000
B25: PAPELERIA Y OTROS | E25: 90000 | H25: =$I$7 -> 3 | I25: =H25*E25 -> 270000
H27: SUBTOTAL | I27: =SUM(I23:I25) -> 1494000
B29: C. COSTOS LEGALES
B30: DETALLE | H30: % | I30: VALOR
B31: POLIZAS | H31: =SUM(H33:H36) -> 0.014 | I31: =$I$50*H31 -> 3102018.2
B32: Garantía de Seriedad | H32: 0.0004 | I32: =$I$50*H32 -> 88629.093
B33: Estabilidad de la Obra | H33: 0.003 | I33: =$I$50*H33 -> 664718.2
B34: Salarios, Prestaciones | H34: 0.005 | I34: =$I$50*H34 -> 1107863.7
B35: Cumplimiento | H35: 0.003 | I35: =$I$50*H35 -> 664718.2
B36: Responsabilidad Civil | H36: 0.003 | I36: =$I$50*H36 -> 664718.2
B37: IMPUESTOS | H37: =SUM(H38:H41) -> 0.079 | I37: =$I$50*H37 -> 17504246
B38: Pro Universidad nacional Ley 1697 de 2013 | H38: 0.005 | I38: =$I$50*H38 -> 1107863.7
B39: Imp. Transaccciones financieras 4x1000 | H39: 0.004 | I39: =$I$50*H39 -> 886290.93
B40: Impuesto ley 1106-CONTRIBUCION ESPECIAL SOBRE CONTRATOS DE OBRA | H40: 0.05 | I40: =$I$50*H40 -> 11078637
B41: Retención en la fuente | H41: 0.02 | I41: =$I$50*H41 -> 4431454.6
H43: SUBTOTAL | I43: =I31+I32+I37 -> 20694893
B45: D. RESUMEN COSTOS DE ADMINISTRACIÓN
B46: PERSONAL | I46: =I19 -> 32767200
B47: FUNCIONAMIENTO | I47: =I27 -> 1494000
B48: COSTOS DEL CONTRATO | I48: =I43 -> 20694893
B49: TOTAL COSTOS ADMINISTRACIÓN | I49: =SUM(I46:I48) -> 54956093
B50: TOTAL COSTOS DIRECTO | I50: ='FORMULARIO 1 PRESUPUESTO'!G138 -> 2.2157273e+08
B51: % COSTOS ADMINISTRACIÓN | I51: =I49/I50 -> 0.24802733
B52: % DE ADMINISTRACION ASUMIDO | I52: =+ROUND(I51,2) -> 0.25
B54: II. IMPREVISTOS | I54: ='FORMULARIO 1 PRESUPUESTO'!#REF! -> #REF!
B56: III. UTILIDADES | I56: ='FORMULARIO 1 PRESUPUESTO'!#REF! -> #REF!
B57: TOTAL A. I. U. | I57: =I52+I54+I56 -> #REF!

Sheet FM 
B4: INSTITUTO COLOMBIANO AGROPECUARIO ICA
B5: GRUPO GESTIÓN INFRAESTRUCTURA FISICA Y MANTENIMIENTO
B6: FACTOR MULTIPLICADOR
B9: 1 | C9: HONORARIOS MENSUAL BASICO | D9: =+ROUND((100%),2) -> 1
B10: 2 | C10: PRESTACIONES SOCIALES
B11: 2.1 | C11: Prima mensual | D11: 0.085
B12: 2.2 | C12: Cesantía mensual | D12: 0.0833
B13: 2.3 | C13: Intereses de cesantías | D13: 0.01
B14: 2.4 | C14: Salud | D14: 0.08
B15: 2.5 | C15: Pensión | D15: 0.116
B16: 2.6 | C16: SENA | D16: =2% -> 0.02
B17: 2.7 | C17: ICBF | D17: =3% -> 0.03
B18: 2.8 | C18: Subsidio Familiar | D18: =4% -> 0.04
B19: 2.9 | C19: Vacaciones | D19: 0.0417
B20: 2.10 | C20: Polizas | D20: 0.03
B21: 2.11 | C21: Dotación | D21: 0.04
B22: 2.12 | C22: Otros | D22: 0.01
C23: SUBTOTAL 2 - PRESTACIONES SOCIALES | D23: =ROUND((SUM(D11:D22)),3) -> 0.586
B24: 3 | C24: COSTOS INDIRECTOS
C25: GASTOS LEGALES Y DE ADMINISTRACION
B26: 3.1 | C26: Gastos directos no reembolsables | D26: 0.05
B27: 3.2 | C27: Servcios públicos | D27: 0.02
B28: 3.3 | C28: Mantenimiento y operación de oficinas | D28: 0.02
B29: 3.4 | C29: Utiles y papelería | D29: 0.01
B30: 3.5 | C30: Gastos legales y bancarios | D30: 0.03
B31: 3.6 | C31: Gastos de transporte y vehículos | D31: 0.02
B32: 3.7 | C32: Sistematización y Administración | D32: 0.02
B33: 3.8 | C33: Personal administrativo | D33: 0.02
B34: 3.9 | C34: Preparación de propuesta | D34: 0.02
C35: Otros gastos no reembolsables
B36: 3.1 | C36: Seguros | D36: 0.02
C37: SUBTOTAL 3 - COSTOS INDIRECTOS | D37: =ROUND((SUM(D26:D36)),3) -> 0.23
B38: 4 | C38: CARGO POR HONORARIOS | D38: 0.4
C39: SUBTOTAL 4 - HONORARIOS | D39: =ROUND((SUM(D38)),3) -> 0.4
B41: 5 | C41: FACTOR MULTIPLICADOR = ( 1 + 2 + 3 + 4 ) / 100 | D41: =ROUND((D9+D23+D37+D39),2) -> 2.22

Sheet IMÁGEN
B2: IMAGEN CORPORATIVA
B3: CANT | C3: TEXTO ESPAÑOL | D3: TEXTO INGLÉS | E3: TAMAÑOS INICIALES | F3: OBSERVACIONES
B4: 1 | C4: Sala de espera | D4: Waiting area | E4: 25x15cm | F4: Acrílico - fijado con tornillo/pines
B5: 1 | C5: Cafetería | D5: Coffee shop | E5: 25x15cm | F5: Acrílico - fijado con tornillo/pines
B6: 1 | C6: Atención al usuario | D6: Customer service | E6: 25x15cm | F6: Acrílico - fijado con tornillo/pines
B7: 2 | C7: Archivo | D7: Archival storage room | E7: 25x15cm | F7: Acrílico - fijado con tornillo/pines
B8: 2 | C8: Baño mixto funcionarios | D8: Private restroom | E8: 25x15cm | F8: Acrílico - fijado con tornillo/pines
B9: 2 | C9: Área de inspección animal | D9: Animal inspection area | E9: 25x15cm | F9: Acrílico - fijado con tornillo/pines
B10: 2 | C10: Salida | D10: Exit | E10: 25x15cm | F10: Acrílico - fijado con tornillo/pines
B11: 2 | C11: Lavamanos usuarios | D11: Sink for users | E11: 25x15cm | F11: Acrílico - fijado con tornillo/pines
B12: 1 | C12: Lavamanos funcionarios | D12: Sink for employees | E12: 25x15cm | F12: Acrílico - fijado con tornillo/pines
B13: 1 | C13: Área de residuos | E13: 25x15cm | F13: Acrílico - fijado con tornillo/pines
B14: 2 | C14: Entrada | D14: Entrance | E14: 35x30cm | F14: Acrílico - fijado con tornillo/pines
B15: 2 | C15: Horario | D15: Working hours | E15: 35x30cm | F15: Acrílico - fijado con tornillo/pines
B16: 1 | C16: Diseño de branding para paredes | E16: 80x depende la longitud de la pared cm vertical | F16: Impresión para pared
B17: 1 | C17: Diseño de branding para paredes entre puertas de áreas de inspección | E17: 80x depende la longitud de la pared cm vertical | F17: Impresión para pared-Sala des espera
B18: 1 | C18: Diseño de Branding puerta de entrada- Película frost con corte de logo ICA | E18: 80x depende la longitud de la pared cm vertical | F18: Impresión sobre vidrio
B19: 2 | C19: Diseño de Branding puerta de entrada- Película frost con corte de logo ICA -Oficinas de inspección | E19: 80x depende la longitud de la pared cm vertical | F19: Impresión sobre vidrio
